Map: Solaris LE

Players

SubN

  • Race: Protoss Protoss
  • League: Diamond
  • Spawn Location: 1:00

VonCharion - Winner!

  • Race: Zerg Zerg
  • League: Silver
  • Spawn Location: 7:00

VOD

Have the link to the VOD?

Description

Time

  • Played on: Dec. 31, 2023, 6:03 p.m.
  • Length: 12:52
Show
View Real Time Build Order
Export as new Build Order

SubN Protoss 

Build Orders: 1 Gate Expand, Double Forge 

Get SALT Encoding   

  12  0:00  Probe  
  13  0:12  Probe  
  14  0:19  Pylon  
  14  0:24  Probe  
  15  0:37  Probe (Chrono Boost)  
  15  0:40  Gateway  
  16  0:49  Probe (Chrono Boost)  
  17  0:58  Probe (Chrono Boost)  
  17  1:03  Probe  
  18  1:11  Pylon  
  19  1:15  Probe  
  20  1:28  Nexus  
  20  1:38  Cybernetics Core  
  20  1:46  Probe  
  21  1:50  Assimilator  
  21  1:54  Assimilator  
  21  1:58  Probe  
  22  2:02  Pylon  
  22  2:10  Probe (Chrono Boost)  
  22  2:15  Gateway  
  23  2:22  Probe (Chrono Boost)  
  24  2:31  Probe (Chrono Boost)  
  25  2:38  Warp Gate (Chrono Boost)  
  25  2:40  Assimilator  
  25  2:42  Probe (Chrono Boost), Assimilator  
  26  2:44  Probe (Chrono Boost)  
  27  2:54  Probe (Chrono Boost)  
  27  2:55  Probe (Chrono Boost)  
  27  2:57  Adept  
  31  2:59  Probe (Chrono Boost)  
  31  3:03  Probe  
  31  3:04  Pylon  
  33  3:10  Probe  
  34  3:16  Probe  
  34  3:18  Robotics Facility  
  35  3:23  Probe  
  36  3:28  Probe (Chrono Boost), Shield Battery  
  39  3:42  Probe (Chrono Boost)  
  39  3:46  Probe (Chrono Boost)  
  39  3:49  Probe (Chrono Boost)  
  39  3:52  Probe  
  41  3:58  Probe  
  42  4:05  Probe  
  43  4:10  Probe  
  43  4:17  Probe  
  45  4:23  Forge, Probe  
  46  4:26  Forge  
  46  4:28  Pylon x2  
  46  4:32  Pylon  
  46  4:33  Pylon  
  46  4:35  Pylon  
  46  4:38  Probe, Sentry x2  
  46  4:39  Immortal (Chrono Boost)  
  46  4:40  Probe  
  56  4:51  Probe  
  56  4:54  Probe  
  58  5:04  Nexus  
  58  5:08  Pylon, Probe x2  
  58  5:09  Pylon  
  61  5:14  Observer  
  61  5:17  Protoss Ground Weapons Level 1 (Chrono Boost)  
  61  5:18  Protoss Ground Armor Level 1 (Chrono Boost)  
  61  5:20  Probe x2  
  61  5:32  Probe x2  
  61  5:44  Probe  
  61  5:47  Probe  
  63  5:56  Probe  
  64  5:59  Probe (Chrono Boost)  
  64  6:03  Assimilator  
  65  6:05  Assimilator  
  65  6:07  Gateway  
  65  6:09  Probe (Chrono Boost)  
  65  6:10  Gateway  
  65  6:11  Gateway x2  
  66  6:12  Photon Cannon  
  66  6:13  Photon Cannon  
  66  6:15  Gateway  
  67  6:26  Observer  
  67  6:32  Twilight Council  
  67  6:33  Robotics Bay  
  67  6:34  Gateway  
  67  6:35  Gateway  
  67  6:44  Immortal  
  71  6:55  Robotics Facility  
  71  6:56  Probe x3  
  74  7:02  Stalker x3  
  80  7:16  Zealot x4  
  80  7:19  Protoss Ground Weapons Level 2  
  80  7:20  Protoss Ground Armor Level 2  
  88  7:22  Charge  
  88  7:26  Extended Thermal Lance  
  88  7:31  Colossus  
  94  7:42  Immortal  
  98  7:48  Sentry x2  
  102  8:01  Probe x3  
  102  8:02  Templar Archives  
  105  8:13  Probe x3  
  105  8:19  Zealot x4  
  116  8:20  Pylon  
  116  8:24  Pylon  
  116  8:25  Probe x3  
  119  8:29  Pylon  
  119  8:34  Pylon  
  119  8:36  Nexus  
  119  8:37  Probe  
  119  8:38  Probe x2  
  122  8:43  High Templar x3  
  122  8:44  High Templar  
  130  8:49  Probe  
  130  8:50  Probe  
  132  8:56  Assimilator  
  132  8:57  Archon  
  132  8:58  Archon  
  132  8:59  Assimilator  
  132  9:00  High Templar x2  
  132  9:01  High Templar  
  138  9:02  Resonating Glaives  
  138  9:06  Gravitic Boosters, Archon  
  134  9:25  Probe x3  
  135  9:36  Zealot x5  
  135  9:37  Zealot x2  
  147  9:44  Probe x2  
  147  9:45  Probe  
  110  9:56  Probe  
  110  9:57  Probe  
  110  9:58  Colossus  
  121  10:00  Immortal  
  121  10:01  Nexus  
  121  10:04  Pylon  
  121  10:06  High Templar x4  
  129  10:07  Pylon  
  129  10:10  Archon  
  129  10:11  Archon, Photon Cannon  
  129  10:16  Photon Cannon  
  129  10:18  Photon Cannon, Zealot  
  129  10:19  Zealot x4  
  139  10:29  Photon Cannon  
  139  10:34  Photon Cannon  
  123  10:43  Blink  
  123  10:49  High Templar  
  107  10:50  High Templar x3  
  93  10:58  Archon x2  
  93  11:02  Colossus  
  97  11:08  Probe (Chrono Boost)  
  99  11:18  Probe (Chrono Boost)  
  99  11:23  Probe (Chrono Boost)  
  100  11:29  Zealot x2  
  100  11:30  Zealot x4  
  106  11:33  Probe  
  106  11:38  Probe x2  
  107  11:45  Probe, Zealot  
  92  12:11  Immortal  
  92  12:12  Immortal  
  92  12:14  High Templar  
  92  12:15  High Templar  
  98  12:19  Archon  
  86  12:28  Probe  
  86  12:29  Probe x2  
  87  12:38  Probe  
  91  12:46  Zealot x2  
Show
View Real Time Build Order
Export as new Build Order

VonCharion Zerg - Winner!

Build Orders: Hatch First 

Get SALT Encoding   

  12  0:00  Drone  
  13  0:13  Overlord  
  13  0:17  Drone  
  14  0:32  Drone x2  
  16  0:48  Hatchery  
  15  0:51  Drone  
  15  0:56  Drone  
  17  0:58  Drone  
  18  1:11  Extractor  
  17  1:13  Spawning Pool  
  17  1:17  Drone  
  17  1:23  Drone  
  18  1:39  Drone  
  19  1:42  Overlord  
  19  1:55  Drone  
  20  2:02  Drone, Queen  
  20  2:03  Queen  
  20  2:04  Zergling x2  
  27  2:15  Drone x2  
  27  2:18  Metabolic Boost  
  28  2:34  Hatchery  
  28  2:36  Drone x3  
  30  2:43  Overlord  
  30  2:48  Drone x2  
  32  2:53  Queen  
  34  3:02  Drone  
  34  3:03  Drone  
  36  3:05  Queen  
  36  3:08  Overlord  
  38  3:17  Drone x4  
  38  3:18  Drone  
  43  3:28  Overlord  
  43  3:30  Drone  
  44  3:39  Drone x2  
  46  3:48  Drone x7, Queen  
  55  3:57  Overlord  
  55  3:59  Lair  
  55  4:00  Drone x2  
  57  4:12  Drone x3  
  57  4:16  Extractor  
  59  4:17  Extractor  
  59  4:18  Drone x8  
  66  4:37  Roach Warren  
  65  4:41  Drone x7, Hatchery  
  71  4:48  Overlord  
  71  4:49  Overlord  
  71  4:52  Extractor x2  
  71  4:55  Drone x4  
  72  5:15  Baneling Nest  
  71  5:24  Drone x2  
  71  5:25  Drone x3  
  76  5:37  Drone  
  76  5:38  Drone x12  
  89  5:43  Extractor  
  88  5:53  Drone  
  89  5:58  Glial Reconstitution  
  89  6:00  Centrifugal Hooks, Hydralisk Den  
  89  6:03  Drone x2, Extractor  
  89  6:04  Drone  
  90  6:05  Drone x4, Extractor  
  93  6:26  Overlord x7  
  93  6:29  Roach  
  93  6:31  Overlord x6  
  95  6:43  Grooved Spines  
  95  6:48  Hatchery  
  95  6:50  Hatchery  
  93  6:57  Roach x7  
  93  6:58  Hydralisk x3  
  113  7:17  Hydralisk x5  
  113  7:18  Hydralisk x8  
  139  7:24  Ravager x8  
  139  7:28  Overseer  
  147  7:30  Overseer  
  147  7:36  Zergling x6  
  147  7:37  Zergling x20  
  160  7:55  Zergling x18  
  169  8:09  Muscular Augments  
  169  8:17  Zergling x32  
  185  8:31  Hatchery x2  
  183  8:42  Hatchery  
  176  9:22  Infestation Pit  
  141  10:02  Baneling x17  
  140  10:07  Lurker Den  
  140  10:08  Hive  
  140  10:10  Hydralisk x20  
  140  10:11  Zergling x18  
  140  10:12  Zergling x2  
  189  10:18  Zergling x20  
  196  10:42  Zergling x50  
  187  10:49  Zergling x10  
  122  10:57  Roach x6  
  126  11:16  Roach x14  
  134  11:24  Roach x3  
  134  11:25  Roach x4  
  143  11:35  Evolution Chamber x2  
  143  11:36  Evolution Chamber  
  143  11:37  Hydralisk x14, Spire  
  163  11:44  Ravager x3  
  163  11:45  Ravager x5  
  170  11:47  Ravager x2  
  170  11:48  Roach x2  
  170  11:49  Roach x8  
  172  12:20  Roach x14  
  195  12:39  Hatchery  
  188  12:47  Hatchery  
Tags
 
Add a new tag
Caveats
  • Supply blocks, unpowered buildings, or Contaminate may cause inaccurate times.
  • Supply counts are checked every 10 seconds.